 Dungeon Crawl Stone Soup version 0.31-a0-267-g3fc6992b3b (webtiles) character file.

Game seed: 6915078112360582023

145 qw the Shooter (level 5, -5/30 HPs)
             Began as a Gargoyle Hexslinger on July 13, 2023.
             Slain by Natasha (7 damage)
             ... on level 4 of the Dungeon.
             The game lasted 00:01:13 (2863 turns).

qw the Shooter (Gargoyle Hexslinger)                Turns: 2863, Time: 00:01:13

Health: -5/30      AC:  9    Str: 12    XL:     5   Next: 27%
Magic:  6/6        EV: 10    Int: 13    God:
Gold:   148        SH:  0    Dex: 14    Spells: 5/6 levels left

rFire   . . .        Y - +1 sling
rCold   . . .        (no shield)
rNeg    + + .        h - +0 ring mail
rPois   inf          (no helmet)
rElec   +            (no cloak)
rCorr   .            (no gloves)
SInv    .            (no boots)
Will    .....        (no amulet)
Stlth   ++           l - ring of positive energy
HPRegen 0.25/turn    (no ring)
MPRegen 0.10/turn

%: no passive effects
@: no status effects
A: sickness immunity, AC +4, negative energy resistance 1, electricity
resistance, torment resistance 1, petrification resistance, camouflage 1, sense
surroundings 1
a: no special abilities


You were on level 4 of the Dungeon.
You visited 1 branch of the dungeon, and saw 4 of its levels.

You collected 201 gold pieces.
You spent 53 gold pieces at shops.


Innate Abilities, Weirdness & Mutations

You are immune to sickness and miasma.
Your stone body is resilient. (AC +4)
You are immune to poison.
You resist negative energy. (rN+)
You are resistant to electric shocks. (rElec)
You are resistant to unholy torment.
You are immune to petrification.
Your skin changes colour to match your surroundings (Stealth+).
You passively map a small area around you.


   Skills:
 - Level 2.0 Fighting
 + Level 4.9 Ranged Weapons
 - Level 1.0 Armour
 - Level 1.5 Dodging
 - Level 1.0 Spellcasting
 - Level 2.6 Hexes


You had 5 spell levels left.
You knew the following spells:

 Your Spells              Type           Power      Damage    Failure   Level
a - Slow                  Hex            28%        N/A       22%         1

Your spell library contained the following spells:

 Spells                   Type           Power      Damage    Failure   Level
 Inner Flame              Hex/Fire       4%         N/A       73%         3
 Portal Projectile        Hex/Tloc       8%         N/A       73%         3
 Cause Fear               Hex            3%         N/A       91%         4

Inventory:

Hand Weapons
 Y - a +1 sling (weapon)
Armour
 h - a +0 ring mail (worn)
Jewellery
 l - a ring of positive energy (left hand)
Scrolls
 j - 2 scrolls of identify
Potions
 a - a potion of haste
 b - 2 potions of cancellation {unknown}
 c - a potion of might
 d - 2 potions of resistance
 e - a potion of degeneration {unknown}
 f - 2 potions of curing
 i - 2 potions of mutation

Dungeon Overview and Level Annotations

Branches:
Dungeon (4/15)
 Temple: D:4-7

Altars:

Shops:
D:2 *

Annotations:
D:3 2 transporters
D:4 3 runed translucent doors, Natasha; qw's ghost, amateur GrHs


Message History

The sling bullet closely misses the cerulean imp.
The cerulean imp completely misses you.
You shoot a sling bullet. The sling bullet hits Natasha.
Natasha is moderately wounded.
The cerulean imp barely misses you.
Natasha mumbles some strange words.
The cerulean imp hits you but does no damage.
You shoot a sling bullet. The sling bullet hits Natasha.
Natasha is moderately wounded.
Natasha claws you but does no damage.
The cerulean imp hits you but does no damage.
Natasha claws you.
You shoot a sling bullet.
The sling bullet closely misses Natasha.
The cerulean imp hits you from afar with a +1 spear.
Natasha stares at you and mumbles some strange words.
The magic dart hits you!
You shoot a sling bullet. The sling bullet barely misses Natasha.
The cerulean imp disappears in a puff of smoke!
Natasha claws you!
You shoot a sling bullet.
The sling bullet hits Natasha but does no damage.
Natasha is moderately wounded.
The cerulean imp barely misses you. Natasha claws you.
The cerulean imp hits you from afar with a +1 spear.
You shoot a sling bullet. The sling bullet hits Natasha!
Natasha is almost dead.
Natasha barely misses you.
The cerulean imp hits you from afar with a +1 spear.
You shoot a sling bullet.
The sling bullet closely misses Natasha.
Natasha claws you. The cerulean imp completely misses you.
Natasha barely misses you.
You shoot a sling bullet.
The sling bullet hits Natasha but does no damage.
Natasha is almost dead.
The cerulean imp completely misses you. Natasha closely misses you.
You shoot a sling bullet. The sling bullet barely misses Natasha.
The cerulean imp barely misses you. Natasha claws you!
You die...

#.............................###
######...........................
##......#.........).....#.##
########...............#..#
###...(...>.......##.#
#................###.#
##.(............## .#
###...##...###### ..
##@.##.........# ## *
#####h...#######..>##
....h5.5..#### *#... ,,
.....####....## # .... * ##.#..#
## ... * #.#..###### #< ..
###8.#.....##. # #..#........
#.8#######.#


You could see Natasha and a cerulean imp (summoned).

Vanquished Creatures
  A hound (D:4)
  3 adders (D:3)
  2 worms
  A dart slug (D:3)
  8 orcs
  8 endoplasms
  A giant cockroach (D:2)
  7 goblins
  10 hobgoblins
  3 kobolds
  3 quokkas
  6 ball pythons
  5 bats
  7 frilled lizards
  4 rats
69 creatures vanquished.

Notes
Turn   | Place    | Note
-------+----------+-------------------------------------------
     0 | D:1      | qw the Gargoyle Hexslinger began the quest for the Orb.
     0 | D:1      | Reached XP level 1. HP: 12/12 MP: 2/2
     0 | D:1      | 0 ||| qw: Version: 0.3-a-52-g30416fa
     0 | D:1      | 0 ||| qw: Game counter: 7710
     0 | D:1      | 0 ||| qw: Melee chars always use a shield: true
     0 | D:1      | 0 ||| qw: God list: Okawaru
     0 | D:1      | 0 ||| qw: Allow faded altars: false
     0 | D:1      | 0 ||| qw: Do Orc after clearing Dungeon:15 true
     0 | D:1      | 0 ||| qw: Do second Lair branch before Depths: true
     0 | D:1      | 0 ||| qw: Lair rune preference: random
     0 | D:1      | 0 ||| qw: Goals: Normal
     0 | D:1      | 0 ||| PLANNING D:1-11
   234 | D:1      | Reached XP level 2. HP: 10/16 MP: 3/3
   290 | D:1      | Reached skill level 3 in Ranged Weapons
   691 | D:1      | 691 ||| UPGRADING to +0 ring mail.
   701 | D:1      | 701 ||| DROPPING +0 robe.
   702 | D:1      | 702 ||| READING scroll labelled SOMEAPN MOIKHLO.
   712 | D:1      | 712 ||| READING scroll labelled LEWOELUTTO.
   713 | D:1      | 713 ||| READING scroll labelled GUWYOSM OLIA.
   714 | D:1      | 714 ||| DRINKING 2 pink potions.
   714 | D:1      | Gained mutation: You passively map a small area around you.
                  | [potion of mutation]
   714 | D:1      | Gained mutation: Your skin changes colour to match your
                  | surroundings (Stealth+). [potion of mutation]
   715 | D:1      | 715 ||| DROPPING scroll of poison.
   758 | D:2      | Reached XP level 3. HP: 21/21 MP: 4/4
   865 | D:2      | Found Fec Wenunt's Assorted Antiques.
   874 | D:2      | 874 ||| BUYING fuming blue potion (25 gold).
   874 | D:2      | Bought a fuming blue potion for 25 gold pieces
   874 | D:2      | 874 ||| SHOPLISTING potion of mutation (224 gold, have 44).
   874 | D:2      | 874 ||| BUYING scroll labelled VEUQUE RIAKUS (28 gold).
   874 | D:2      | Bought a scroll labelled VEUQUE RIAKUS for 28 gold pieces
   874 | D:2      | 874 ||| SHOPLISTING silvery potion (25 gold, have 16).
   874 | D:2      | 874 ||| SHOPLISTING transparent robe (159 gold, have 16).
  1394 | D:2      | 1394 ||| UPGRADING to ring of positive energy.
  1395 | D:2      | 1395 ||| READING 3 scrolls labelled XOGUBA WYHOPH.
  1396 | D:2      | 1396 ||| READING scroll labelled VEUQUE RIAKUS.
  1397 | D:2      | 1397 ||| READING scroll labelled ZETEATIEHU.
  1398 | D:2      | 1398 ||| DRINKING 2 green potions.
  1502 | D:2      | 1502 ||| READING 3 scrolls of identify.
  1502 | D:2      | 1502 ||| IDENTIFYING coppery potion
  1503 | D:2      | 1503 ||| READING 2 scrolls of identify.
  1503 | D:2      | 1503 ||| IDENTIFYING fuming blue potion
  1504 | D:2      | 1504 ||| DROPPING 2 scrolls of fear.
  1505 | D:2      | 1505 ||| DROPPING potion of berserk rage.
  1526 | D:3      | Found a faded altar of an unknown god.
  1834 | D:3      | Reached XP level 4. HP: 26/26 MP: 5/5
  1968 | D:3      | Reached skill level 4 in Ranged Weapons
  2028 | D:3      | Reached skill level 1 in Armour
  2140 | D:3      | 2140 ||| Stepping ~*~*~tactically~*~*~ (outnumbered).
  2216 | D:3      | Found a transporter.
  2232 | D:3      | Found a transporter.
  2364 | D:3      | 2364 ||| DROPPING ring of wizardry.
  2365 | D:3      | 2365 ||| READING scroll labelled POGYID XOQA.
  2368 | D:3      | 2368 ||| READING 4 scrolls of identify.
  2368 | D:3      | 2368 ||| IDENTIFYING bubbling purple potion
  2369 | D:3      | 2369 ||| READING 3 scrolls of identify.
  2369 | D:3      | 2369 ||| IDENTIFYING smoky pink potion
  2370 | D:3      | 2370 ||| READING 2 scrolls of identify.
  2370 | D:3      | 2370 ||| IDENTIFYING yellow potion
  2371 | D:3      | 2371 ||| DROPPING potion of brilliance.
  2399 | D:4      | Found a runed translucent gate.
  2399 | D:4      | Found a runed translucent gate.
  2400 | D:4      | Found a runed translucent gate.
  2432 | D:4      | Reached XP level 5. HP: 25/30 MP: 6/6
  2432 | D:4      | 2432 ||| FLEEEEING.
  2436 | D:4      | Noticed qw's ghost (amateur GrHs)
  2441 | D:4      | 2441 ||| STAIRDANCE
  2451 | D:3      | 2451 ||| READING scroll labelled ASETON MENTUEGH.
  2452 | D:3      | 2452 ||| READING 2 scrolls of identify.
  2452 | D:3      | 2452 ||| IDENTIFYING fizzy pink potion
  2453 | D:3      | 2453 ||| DROPPING potion of lignification.
  2847 | D:4      | Noticed Natasha
  2849 | D:4      | 2849 ||| Stepping ~*~*~tactically~*~*~ (outnumbered).
  2851 | D:4      | 2851 ||| Stepping ~*~*~tactically~*~*~ (outnumbered).
  2853 | D:4      | 2853 ||| Stepping ~*~*~tactically~*~*~ (outnumbered).
  2859 | D:4      | HP: 7/30 [cerulean imp/+1 spear[Natasha] (1)]
  2861 | D:4      | HP: 2/30 [Natasha (3)]
  2863 | D:4      | Slain by Natasha

Levels and vault maps discovered:
D:1:      dpeg_arrival_simpleton_b, layout_loops_ring, minmay_bisected
D:2:      layout_basic, serial_shops, shop
D:3:      gammafunk_wand_slinger, layout_basic, basic_ecumenical_altar,
          kennysheep_generic_room_8
D:4:      layout_rooms, gammafunk_ghost_necromancy, chequers_decorated_corner,
          uniq_natasha

Skill      XL: |  1  2  3  4 |
---------------+-------------+-----
Ranged Weapons | 3 4 |  4.9
Fighting       | 2 |  2.0
Armour         | 1 |  1.0
Dodging        | |  1.5
Spellcasting   | |  1.0
Hexes          | |  2.6

Action                     |  1- 3 |  4- 6 || total
---------------------------+-------+-------++-------
   Fire: Sling             |   130 |   135 ||   265
    Use: Scroll            |     8 |     6 ||    14
         Potion            |     2 |       ||     2
 Armour: Robe              |     4 |       ||     4
         Ring mail         |    19 |    36 ||    55
  Dodge: Dodged            |    42 |    41 ||    83

Table legend:
 A = Non-vault XP
 B = Vault XP
 C = Vault XP percentage of total XP
 D = Non-vault monster count
 E = Vault monster count
 F = Vault count percentage of total count
                 A         B        C        D         E       F
            +---------+---------+-------+---------+---------+-------
      Total |     199 |       9 |   4.3 |      64 |       5 |   7.2
            +---------+---------+-------+---------+---------+-------
        D:1 |      21 |       9 |  30.0 |      14 |       5 |  26.3
        D:2 |      36 |       0 |   0.0 |      19 |       0 |   0.0
        D:3 |      78 |       0 |   0.0 |      19 |       0 |   0.0
        D:4 |      64 |       0 |   0.0 |      12 |       0 |   0.0
            +---------+---------+-------+---------+---------+-------
